 Dungeon Crawl Stone Soup version 0.26-a0-466-g989023bd0d (webtiles) character file.

Game seed: 14992102578768947909

1064 Idiotsyncratic the Fighter (level 8, -2/89 HPs)
             Began as an Ogre Berserker on Aug 2, 2020.
             Was a Priest of Trog.
             Slain by a gnoll
             ... wielding a +0 halberd
              (11 damage)
             ... on level 5 of the Dungeon.
             The game lasted 00:08:00 (6313 turns).

Idiotsyncratic the Fighter (Ogre Berserker)         Turns: 6313, Time: 00:08:01

Health: -2/89      AC:  3    Str: 24    XL:     8   Next: 27%
Magic:  8/8        EV: 10    Int:  8    God:    Trog [***...]
Gold:   261        SH:  0    Dex:  8    Spells: 7/7 levels left

rFire    . . .     SeeInvis .   a - +0 flail
rCold    . . .     Faith    .   (no shield)
rNeg     . . .     Spirit   .   b - +0 animal skin
rPois    .         Reflect  .   (helmet restricted)
rElec    .         Harm     .   (no cloak)
rCorr    .                      (gloves unavailable)
MR       .....                  (boots unavailable)
Stlth    +.........             (no amulet)
HPRegen  0.24/turn              (no ring)
MPRegen  0.11/turn              (no ring)

@: berserk cooldown, slowed, very slow
A: large, unfitting armour, tough skin 1
a: Berserk, Trog's Hand, Renounce Religion


You were on level 5 of the Dungeon.
You worshipped Trog.
Trog was most pleased with you.
You visited 1 branch of the dungeon, and saw 5 of its levels.

You collected 261 gold pieces.

Inventory:

Hand Weapons
 a - a +0 flail (weapon)
 s - a +0 mace
 u - a -2 whip
 x - a +0 club
Armour
 b - a +0 animal skin (worn)
Jewellery
 w - an uncursed ring of stealth {unknown}
Wands
 v - a wand of iceblast (4)
Scrolls
 c - 4 scrolls of teleportation {unknown}
 d - 2 scrolls of magic mapping {unknown}
 g - 3 scrolls of remove curse
 i - a scroll of enchant armour {unknown}
 n - a scroll of identify {unknown}
 o - a scroll of immolation {unknown}
 t - 2 scrolls of enchant weapon {unknown}
Potions
 e - a potion of resistance {unknown}
 f - a potion of stabbing {unknown}
 j - a potion of berserk rage {unknown}
 k - a potion of curing
 l - a potion of brilliance {unknown}
 m - 2 potions of haste {unknown}
 p - a potion of degeneration {unknown}
 q - a potion of lignification {unknown}
 r - 3 potions of mutation {unknown}
 z - 2 potions of heal wounds {unknown}


   Skills:
 + Level 8.5 Fighting
 + Level 7.4 Maces & Flails
 - Level 2.6 Dodging


You had 7 spell levels left.
You didn't know any spells.
Your spell library was empty.

Dungeon Overview and Level Annotations

Branches:
Dungeon (5/15)
 Temple: D:4-7

Altars:
Ashenzari
Dithmenos
Fedhas
Gozag
Hepliaklqana
Kikubaaqudgha
Qazlal
Xom


Innate Abilities, Weirdness & Mutations

You are too large for most types of armour.
You have tough skin. (AC +1)


Message History

The gnoll hits you with a +0 halberd!
You hit the gnoll but do no damage.
The gnoll is moderately wounded.
The gnoll hits you with a +0 halberd!
* * * LOW HITPOINT WARNING * * *
The gnoll hits you with a +0 halberd!
* * * LOW HITPOINT WARNING * * *
You barely miss the gnoll.
The gnoll is moderately wounded.
The gnoll barely misses you.
Unknown command.
You barely miss the gnoll.
The gnoll is moderately wounded.
The gnoll hits you with a +0 halberd.
* * * LOW HITPOINT WARNING * * *
Unknown command.
You barely miss the gnoll.
The gnoll is moderately wounded.
The gnoll hits you with a +0 halberd!
You die...

##.## ###.#.##
...###.# g...#.##
####.##
#.#############
##...g.g...)...#
..........######g#
####......# #@#
#####..# #.#
#..######.#
##.......(.#
....._.....#
##._..._.#.#
#..........#
#._..⌠.._.##
#.........#


You could see a gnoll.

Vanquished Creatures
  Grinder (D:4)
  Menkaure (D:4)
  An ice beast (D:5)
  A centaur (D:5)
  A scorpion (D:2)
  A howler monkey (D:4)
  A centaur zombie (D:5)
  A hound (D:5)
  2 bullfrog skeletons (D:5)
  A gnoll shaman (D:5)
  A centaur skeleton (D:5)
  An orc priest (D:3)
  2 worker ants (D:5)
  3 gnolls
  12 adders
  An ooze (D:2)
  2 worms
  4 dart slugs
  3 leopard geckos
  7 orcs
  12 bats
  3 giant cockroaches
  6 hobgoblins
  6 jackals
  4 quokkas
  7 frilled lizards
  6 goblins
  11 kobolds
  7 rats
109 creatures vanquished.

Notes
Turn   | Place    | Note
-------+----------+-------------------------------------------
     0 | D:1      | Idiotsyncratic the Ogre Berserker began the quest for the
                  | Orb.
     0 | D:1      | Reached XP level 1. HP: 24/24 MP: 1/1
    25 | D:1      | Reached XP level 2. HP: 33/33 MP: 2/2
   341 | D:1      | Reached XP level 3. HP: 33/40 MP: 3/3
   632 | D:1      | Reached ** piety under Trog
   637 | D:1      | Reached skill level 5 in Fighting
  1112 | D:2      | Noticed a scorpion
  1140 | D:2      | Killed a scorpion
  1140 | D:2      | Reached XP level 4. HP: 50/50 MP: 4/4
  1538 | D:2      | Reached XP level 5. HP: 55/59 MP: 5/5
  2214 | D:3      | Reached skill level 6 in Fighting
  3002 | D:3      | Reached XP level 6. HP: 67/67 MP: 6/6
  3159 | D:3      | Reached *** piety under Trog
  3500 | D:3      | Reached skill level 5 in Maces & Flails
  4957 | D:4      | Noticed Grinder
  4971 | D:4      | Killed Grinder
  4971 | D:4      | Reached skill level 7 in Fighting
  4971 | D:4      | Reached XP level 7. HP: 78/78 MP: 7/7
  5094 | D:4      | Noticed Menkaure
  5103 | D:4      | Killed Menkaure
  5391 | D:5      | Entered Level 5 of the Dungeon
  5701 | D:5      | Found an opulent altar of Gozag.
  5703 | D:5      | Found a shadowy altar of Dithmenos.
  5703 | D:5      | Found a shimmering altar of Xom.
  5703 | D:5      | Found an ancient bone altar of Kikubaaqudgha.
  5705 | D:5      | Found a hazy altar of Hepliaklqana.
  5705 | D:5      | Found a shattered altar of Ashenzari.
  5705 | D:5      | Found a blossoming altar of Fedhas.
  5868 | D:5      | Found a stormy altar of Qazlal.
  5919 | D:5      | Reached skill level 8 in Fighting
  6101 | D:5      | Reached XP level 8. HP: 88/88 MP: 8/8
  6313 | D:5      | Slain by a gnoll

Illustrated notes

Levels and vault maps discovered:
D:1:      dpeg_arrival_tiny_a, layout_basic, minmay_pentomino_p4
D:2:      layout_loops_ring
D:3:      layout_basic, st_stairs_6
D:4:      layout_loops_ring, uniq_menkaure, uniq_grinder
D:5:      layout_loops_ring, grunt_temple_overflow_open,
          minmay_temple_entry_statues_fountains

Skill      XL: |  1  2  3  4  5  6  7 |
---------------+----------------------+-----
Maces & Flails | 3 4 6 7 |  7.4
Fighting       | 5 6 7 8 |  8.5
Dodging        | |  2.6

Action                   |  1- 3 |  4- 6 |  7- 9 || total
-------------------------+-------+-------+-------++-------
Melee: Mace              |    84 |    58 |       ||   142
       Flail             |       |   157 |    75 ||   232
Invok: Berserk           |     6 |     6 |     5 ||    17
       Trog's Hand       |       |     1 |     3 ||     4
  Use: Scroll            |       |     2 |     2 ||     4
       Potion            |       |       |     1 ||     1
 Stab: Sleeping          |       |     1 |       ||     1
Armor: Animal skin       |    58 |    56 |    16 ||   130
Dodge: Dodged            |    71 |    92 |    47 ||   210

Table legend: (Time is in decaauts)
 A = Elapsed time spent in this place.
 B = Non-inter-level travel time spent in this place.
 C = Inter-level travel time spent in this place.
 D = Time resting spent in this place.
 E = Time spent auto-exploring this place.
 F = Levels seen in this place.
 G = Mean time per level.
                   A        B        C        D        E       F      G
               +--------+--------+--------+--------+--------+-----+--------+
         Total |   6528 |   6243 |    285 |   2625 |   2700 |   5 | 1305.6 |
       Dungeon |   6528 |   6243 |    285 |   2625 |   2700 |   5 | 1305.6 |
               +--------+--------+--------+--------+--------+-----+--------+

Top non-repeatable levels by time:
     D:3: 1859 daAuts
     D:4: 1553 daAuts
     D:1: 1188 daAuts
     D:2: 1107 daAuts
     D:5: 819 daAuts
